 Dungeon Crawl Stone Soup version 0.30-a0-632-g346586fe48 (webtiles) character file.

Game seed: 6463783380158047932

1962 wormed the Insei (level 9, -1/79 (90) HPs)
             Began as an Octopode Transmuter on Jan 13, 2023.
             Slain by a wight
             ... wielding a +3 falchion
              (4 damage)
             ... on level 6 of the Dungeon.
             The game lasted 00:09:20 (6894 turns).

wormed the Insei (Octopode Transmuter)              Turns: 6894, Time: 00:09:21

HP:   -1/79 (90)    AC: 24    Str:  9    XL:     9   Next: 19%
MP:   15/16         EV:  2    Int: 20    God:
Gold: 293           SH:  0    Dex: 12    Spells: 11/17 levels left

rFire   . . .      SeeInvis .      - Unarmed
rCold   . . .      Faith    .    (no shield)
rNeg    . . .      Spirit   .    (helmet currently unavailable)
rPois   +          Reflect  .    (no amulet)
rElec   .          Harm     .    (no ring)
rCorr   .          Rampage  .    (no ring)
Will    .....      NoTele   +    (no ring)
Stlth   +                        (no ring)
HPRegen 0.33/turn                (no ring)
MPRegen 0.15/turn                (no ring)
                                 (no ring)
                                 (no ring)

@: tree-form, wereblooded, hasted, heavily drained, very quick
A: stationary, stasis, torment immunity, boosted hp, almost no armour,
(amphibious), 8 rings, (camouflage 1), (gelatinous body 1), (nimble swimmer 1),
(tentacles)
a: no special abilities


You were on level 6 of the Dungeon.
You were a tree.
You visited 1 branch of the dungeon, and saw 6 of its levels.
You also visited: Sewer and Ossuary.

You collected 293 gold pieces.

Inventory:

Jewellery
 c - a ring of see invisible
Wands
 h - a wand of charming (5)
 i - a wand of flame (5)
Scrolls
 k - a scroll of teleportation
 o - a scroll of magic mapping
Potions
 a - 4 potions of haste
 b - 3 potions of curing {unknown}
 d - 3 potions of resistance {unknown}
 e - a potion of brilliance {unknown}
 f - a potion of flight
 g - a potion of degeneration {unknown}
 l - 3 potions of heal wounds {unknown}
 m - a potion of ambrosia {unknown}
 n - a potion of attraction {unknown}
 p - a potion of invisibility {unknown}
 q - 2 potions of might {unknown}
 r - a potion of magic {unknown}
 s - a potion of cancellation {unknown}
 u - a potion of mutation


   Skills:
 + Level 4.8 Fighting
 + Level 5.2 Dodging
 + Level 5.6 Unarmed Combat
 + Level 4.7 Spellcasting
 * Level 5.3 Transmutations
 - Level 4.0 Ice Magic


You had 11 spell levels left.
You knew the following spells:

 Your Spells              Type           Power      Damage    Failure   Level
a - Ice Form              Ice/Tmut       23%        N/A       17%         4
b - Wereblood             Tmut           26%        N/A       1%          2

Your spell library contained the following spells:

 Spells                   Type           Power      Damage    Failure   Level
 Beastly Appendage        Tmut           52%        N/A       1%          1
 Passwall                 Tmut/Erth      12%        N/A       6%          2
 Sandblast                Erth           8%         2d5       12%         1
 Shock                    Conj/Air       16%        1d4       12%         1
 Spider Form              Tmut/Pois      15%        N/A       12%         3
 Call Canine Familiar     Summ           4%         N/A       34%         3
 Inner Flame              Hex/Fire       4%         N/A       34%         3
 Portal Projectile        Hex/Tloc       8%         N/A       34%         3
 Stone Arrow              Conj/Erth      8%         3d7       34%         3
 Swiftness                Air            4%         N/A       34%         3
 Airstrike                Air            2%         2d(1-17)  75%         4
 Anguish                  Hex/Necr       2%         N/A       75%         4
 Leda's Liquefaction      Hex/Erth       2%         N/A       75%         4
 Metabolic Englaciation   Hex/Ice        6%         N/A       82%         5
 Iron Shot                Conj/Erth      2%         9d2       100%        6
 Enfeeble                 Hex            2%         N/A       100%        7


Dungeon Overview and Level Annotations

Branches:
Dungeon (6/15)              Sewer (visited)         Ossuary (visited)
 Temple: D:4-7

Altars:
Elyvilon
Kikubaaqudgha
Yredelemnul

Shops:
D:3 =


Innate Abilities, Weirdness & Mutations

You are a tree.
Your roots penetrate the ground, keeping you stationary.
You cannot be teleported.
You are immune to unholy pain and torment.
Your maximum health is greatly increased.
You cannot wear most types of armour.
((You are amphibious.))
You can wear up to eight rings at the same time.
((Your skin changes colour to match your surroundings (Stealth+).))
((Your rubbery body absorbs attacks. (AC +1, EV +1)))
((You are camouflaged when in or above water. (Stealth+)))
((You have tentacles for arms and can constrict up to eight enemies at once.))


Message History

You are too injured to fight recklessly!
You are too injured to fight recklessly!
You are too injured to fight recklessly!
You are too injured to fight recklessly!
You are too injured to fight recklessly!
You are too injured to fight recklessly!
You are too injured to fight recklessly!
You are too injured to fight recklessly!
You are too injured to fight recklessly!
You are too injured to fight recklessly!
You are too injured to fight recklessly!
You are too injured to fight recklessly!
You are too injured to fight recklessly!
You are too injured to fight recklessly!
You are too injured to fight recklessly!
You are too injured to fight recklessly!
You hit the wight.
The wight is severely damaged.
You punch the wight!
You feel a bit better.
You destroy the wight!
The wight barely misses you.
You hit the wight.
The wight is lightly damaged.
The wight closely misses you.
The wight hits you with a +0 dire flail!
You feel drained.
You hit the wight but do no damage.
The wight is lightly damaged.
The wight hits you with a +3 falchion!
* * * LOW HITPOINT WARNING * * *
The wight hits you with a +0 dire flail!
* * * LOW HITPOINT WARNING * * *
You feel drained.
* * * LOW HITPOINT WARNING * * *
You feel yourself speed up. The wight closely misses you.
The wight barely misses you.
You warm up again.
You turn into a tree.
Your roots penetrate the ground.
The wight hits you with a +3 falchion.
You die...

#.#..............
#.#.###...######
#.#.# #..†.....#
#.#.# #.#..###.#
#.# #.##.# #.#
#.##.# #.# #.##.#
#z###.##.###.#
#♣z.)........#
#####.###...)#
..... ....#
###.......<#
######.....
...... #####.


You could see 2 wights.

Vanquished Creatures
  Sigmund (D:3)
  A water moccasin (D:5)
  A black bear (D:5)
  An ogre (D:4)
  A centaur (D:5)
  A phantom (D:4)
  A kobold brigand (D:5)
  2 bullfrogs (Sewer)
  7 water moccasin zombies (Ossuary)
  2 scorpions
  2 wights (D:6)
  5 hounds (D:5)
  4 iguanas
  2 mummies (Ossuary)
  Robin (D:2)
  12 adders
  4 gnolls (D:3)
  A white imp (D:5)
  An ufetubus (D:3)
  3 adder zombies (Ossuary)
  A worm (D:2)
  A dart slug (D:1)
  7 orcs
  5 ball pythons
  2 bats
  4 endoplasms
  10 giant cockroaches
  6 gnoll zombies (Ossuary)
  17 goblins
  9 hobgoblins
  3 jackals (D:1)
  12 quokkas
  9 frilled lizards
  6 hobgoblin zombies (Ossuary)
  10 kobolds
  6 kobold zombies (Ossuary)
  2 orc zombies (Ossuary)
  4 rats
167 creatures vanquished.

Notes
Turn   | Place    | Note
-------+----------+-------------------------------------------
     0 | D:1      | wormed the Octopode Transmuter began the quest for the Orb.
     0 | D:1      | Reached XP level 1. HP: 13/13 MP: 3/3
   242 | D:1      | Reached XP level 2. HP: 18/18 MP: 3/5
   398 | D:1      | Reached skill level 1 in Ice Magic
   445 | D:1      | Found a faded altar of an unknown god.
   475 | D:1      | Learned a level 2 spell: Wereblood
   712 | D:2      | Reached XP level 3. HP: 23/23 MP: 2/6
   838 | D:2      | Noticed Robin
   881 | D:2      | Killed Robin
   893 | D:2      | Reached XP level 4. HP: 28/28 MP: 4/7
  1153 | D:2      | Found a white marble altar of Elyvilon.
  1441 | D:2      | Identified the +1 ring mail of the Storm King {-Tele rF++
                  | rCorr Str+4}
  1861 | D:2      | Learned a level 4 spell: Ice Form
  2158 | D:3      | Reached XP level 5. HP: 11/34 MP: 4/8
  2419 | D:3      | Noticed Sigmund
  2489 | D:3      | Killed Sigmund
  2490 | D:3      | Reached XP level 6. HP: 37/39 MP: 3/10
  2669 | D:3      | Found Saklefab's One-of-a-Kind Rings.
  3479 | D:4      | Reached XP level 7. HP: 30/45 MP: 6/11
  4312 | D:5      | Entered Level 5 of the Dungeon
  4377 | D:5      | Found a basalt altar of Yredelemnul.
  4621 | D:5      | Found a glowing drain.
  4651 | Sewer    | Entered a sewer
  4755 | Sewer    | Reached XP level 8. HP: 52/52 MP: 7/13
  5330 | D:5      | Got Hiawuot's Elucidation of Grey Charms
  5748 | D:5      | Found an ancient bone altar of Kikubaaqudgha.
  5756 | D:5      | Reached skill level 5 in Unarmed Combat
  6223 | D:6      | Found a sand-covered staircase.
  6301 | Ossuary  | Entered an ossuary
  6554 | Ossuary  | Reached skill level 5 in Dodging
  6554 | Ossuary  | Reached skill level 5 in Transmutations
  6554 | Ossuary  | Reached XP level 9. HP: 59/59 MP: 9/15
  6892 | D:6      | HP: 2/63 [wight/+0 dire flail (3)]
  6894 | D:6      | Slain by a wight

Illustrated notes

Levels and vault maps discovered:
D:1:      wheals_arrival_shading, layout_rooms,
          ebering_ecumenical_altar_abandoned, minmay_misc_feat_room,
          chequers_hall_statues_y
D:2:      layout_loops_corners, basic_altar, kennysheep_minor_cross, uniq_robin
D:3:      cheibrodos_old_hovel, layout_basic, nicolae_shop_unique_rings,
          kennysheep_nub, uniq_sigmund
D:4:      layout_basic
D:5:      layout_basic, kennysheep_mini, marbit_many_paths,
          gup_sewer_entry_pipe, minmay_misc_feat_ornament
D:6:      layout_basic, minmay_temple_entry_antechambers, enter_ossuary_1,
          supply_closet_lemuel

Skill      XL: |  1  2  3  4  5  6  7  8 |
---------------+-------------------------+-----
Ice Magic      | 1 2 3 4 |  4.0
Fighting       | 2 3 4 |  4.8
Dodging        | 3 5 |  5.2
Transmutations | 3 5 |  5.3
Unarmed Combat | 4 5 |  5.6
Spellcasting   | 3 4 |  4.7

Action                   |  1- 3 |  4- 6 |  7- 9 || total
-------------------------+-------+-------+-------++-------
Melee: Unarmed           |    63 |    94 |   265 ||   422
       Kick              |    22 |    22 |     2 ||    46
       Constrict         |    20 |    16 |     1 ||    37
       Tentacles         |     7 |     6 |     3 ||    16
       Punch             |     2 |       |     1 ||     3
 Cast: Beastly Appendage |    13 |    24 |     1 ||    38
       Wereblood         |     6 |    19 |    21 ||    46
       Ice Form          |       |     5 |    30 ||    35
  Use: Potion            |     1 |       |     2 ||     3
       Scroll            |       |     4 |     9 ||    13
 Stab: Sleeping          |     3 |     5 |       ||     8
Armor: Skin              |     3 |     9 |   100 ||   112
Dodge: Dodged            |    34 |    49 |   148 ||   231

Table legend: (Time is in decaauts)
 A = Elapsed time spent in this place.
 B = Non-inter-level travel time spent in this place.
 C = Inter-level travel time spent in this place.
 D = Time resting spent in this place.
 E = Time spent auto-exploring this place.
 F = Levels seen in this place.
 G = Mean time per level.
                   A        B        C        D        E       F      G
               +--------+--------+--------+--------+--------+-----+--------+
         Total |   6860 |   6721 |    139 |     95 |   5404 |   8 |  857.5 |
       Dungeon |   5886 |   5747 |    139 |     95 |   4664 |   6 |  981.0 |
         Sewer |    559 |    559 |      0 |      0 |    443 |   1 |  559.0 |
       Ossuary |    414 |    414 |      0 |      0 |    297 |   1 |  414.0 |
               +--------+--------+--------+--------+--------+-----+--------+

Top non-repeatable levels by time:
     D:2: 1459 daAuts
     D:5: 1308 daAuts
     D:4: 1196 daAuts
     D:3: 965 daAuts
     D:1: 682 daAuts
   Sewer: 559 daAuts
 Ossuary: 414 daAuts
     D:6: 274 daAuts
